 Dungeon Crawl Stone Soup version 0.28.0-53-g5a82cb258f (webtiles) character file.

Game seed: 15356826952889183105

2814 Labrat the Destroyer (level 9, 16/74 HPs)
             Began as a Demigod Conjurer on July 30, 2022.
             Quit the game on level 7 of the Dungeon.
             The game lasted 00:27:47 (8524 turns).

Labrat the Destroyer (Demigod Conjurer)             Turns: 8524, Time: 00:27:48

Health: 16/74      AC:  4    Str:  8    XL:     9   Next: 21%
Magic:  0/24       EV: 12    Int: 38    God:
Gold:   291        SH:  0    Dex: 12    Spells: 16/23 levels left

rFire   . . .      SeeInvis .   D - +1 short sword of Amorality {vorpal, rC+}
rCold   + . .      Faith    .   (no shield)
rNeg    . . .      Spirit   .   a - +0 robe
rPois   .          Reflect  .   (no helmet)
rElec   .          Harm     .   c - +0 cloak
rCorr   .          Rampage  .   q - +0 pair of gloves
Will    .....                   (no boots)
Stlth   ++........              B - amulet of regeneration
HPRegen 1.02/turn               b - ring of wizardry
MPRegen 0.19/turn               n - +6 ring of intelligence

@: no status effects
A: high MP 1, forlorn, divine attributes
a: no special abilities


You were on level 7 of the Dungeon.
You visited 1 branch of the dungeon, and saw 7 of its levels.

You collected 291 gold pieces.

Inventory:

Hand Weapons
 D - the +1 short sword of Amorality (weapon) {vorpal, rC+}
   (You found it on level 6 of the Dungeon)

   It inflicts extra damage upon your enemies.
   rC:        It protects you from cold.
Missiles
 r - 3 silver javelins
 t - 11 poisoned darts
Armour
 a - a +0 robe (worn)
 c - a +0 cloak (worn)
 q - a +0 pair of gloves (worn)
Jewellery
 b - a ring of wizardry (left hand)
 h - a ring of fire
 n - a +6 ring of intelligence (right hand)
 w - a ring of positive energy
 B - an amulet of regeneration (around neck)
Scrolls
 d - 2 scrolls of summoning {unknown}
 e - 4 scrolls of teleportation
 f - 2 scrolls of vulnerability {unknown}
 g - 3 scrolls of identify {unknown}
 j - a scroll of fear {unknown}
 k - a scroll of magic mapping {unknown}
 m - a scroll of noise {unknown}
 p - a scroll of fog {unknown}
 u - a scroll of amnesia {unknown}
 y - a scroll of immolation {unknown}
 C - a scroll of acquirement {unknown}
Potions
 l - a potion of magic {unknown}
 o - a potion of cancellation {unknown}
 v - 2 potions of heal wounds {unknown}
 x - a potion of brilliance {unknown}
 z - 2 potions of curing {unknown}
 A - a potion of haste {unknown}


   Skills:
 - Level 5.0 Fighting
 - Level 1.7 Dodging
 - Level 1.7 Stealth
 + Level 7.7 Spellcasting
 - Level 8.0 Conjurations


You had 16 spell levels left.
You knew the following spells:

 Your Spells              Type           Power      Damage    Failure   Level
a - Magic Dart            Conj           100%       1d8       1%          1
b - Searing Ray           Conj           100%       2d8       1%          2
c - Iskenderun's Mystic   Conj/Tloc      45%        2d10      1%          4

Your spell library contained the following spells:

 Spells                   Type           Power      Damage    Failure   Level
 Summon Small Mammal      Summ           56%        N/A       1%          1
 Dazzling Flash           Conj/Hex       90%        N/A       1%          3
 Fulminant Prism          Conj/Hex       22%        3d13      1%          4
 Hailstorm                Conj/Ice       45%        3d10      1%          4
 Call Canine Familiar     Summ           14%        N/A       3%          3
 Portal Projectile        Hex/Tloc       28%        N/A       3%          3
 Summon Guardian Golem    Hex/Summ       14%        N/A       3%          3
 Ice Form                 Ice/Tmut       14%        N/A       11%         4
 Leda's Liquefaction      Hex/Erth       7%         N/A       11%         4
 Agony                    Necr           14%        N/A       26%         5
 Silence                  Hex/Air        7%         N/A       26%         5
 Simulacrum               Ice/Necr       7%         N/A       80%         6


Dungeon Overview and Level Annotations

Branches:
Dungeon (7/15)             Temple (0/1) D:7

Shops:
D:5 *   D:6 (

Annotations:
D:7 3 runed translucent doors, lennort's ghost, novice MiFi


Innate Abilities, Weirdness & Mutations

You have an increased reservoir of magic. (+10% MP)
You shall have no god before yourself.
Your divine heritage dramatically boosts your attributes as you level up.


Message History

The orc warrior barely misses you. The hound bites you.
The hound barely misses you. The orc warrior barely misses you.
The hound bites you.
Unknown command.
Unknown command.
Casting: Searing Ray (safe; 1% risk of failure)
Confirm with . or Enter, or press ? or * to list all spells.
Aiming: Searing Ray (safe; 1% risk of failure)
Press: ? - help, Shift-Dir - straight line, f/p - hound
Aim: a hound (heavily wounded, 76% to hit)
The searing ray hits the hound.
The hound is severely wounded.
The searing ray hits the orc warrior.
The orc warrior is moderately wounded.
The searing ray misses the orc wizard. (Press . to maintain the ray.)
You hear a shout!
The orc warrior hits you from afar with a +1 halberd of flaming!
The orc warrior burns you. The hound bites you.
Unknown command.
Unknown command.
The searing ray hits the hound.
The hound is severely wounded.
The searing ray hits the orc warrior.
The orc warrior is heavily wounded.
The hound closely misses you.
The orc warrior hits you from afar with a +1 halberd of flaming!
The orc warrior burns you. The hound barely misses you.
The searing ray hits the hound!
You kill the hound!
The searing ray hits the orc warrior.
The orc warrior is severely wounded.
The searing ray hits the orc!
You kill the orc!
The orc warrior hits you from afar with a +1 halberd of flaming!
* * * LOW HITPOINT WARNING * * *
The orc warrior burns you.
* * * LOW HITPOINT WARNING * * *
Unknown command.
Are you sure you want to abandon this character and quit the game? (Confirm with "yes".)

#............ # .#
#######.#8#..8..#8#.# ####.##
#.....#.###o..o.###.# ##.....#
#.....#.ooo#####.o..# .......#
#.....#oooooW..oWoo.#
#......###.....######+++#######
#..............8.............8#
###.............@.o))...........#
...<.....##.....o#.#..##.#...####
.>.....................$.(o.#####
....#..#.##..#####.#..##)#.......
.......#.....#####.#..##.#.......
...###.####......#.#..<#.#..oo...
...#...#.........#.##.##.#.#...).
...#.###.##......#.##.##.#.#.....
.................................


You could see 2 orc warriors, 2 orc priests, an orc wizard, lennort's ghost and
6 orcs.

Vanquished Creatures
  2 water moccasins
  2 ice beasts
  A black bear (D:7)
  2 ogres
  A centaur (D:7)
  A phantom (D:4)
  2 kobold brigands
  Blork the orc (D:6)
  3 bullfrogs
  4 scorpions
  A jelly (D:7)
  2 water moccasin skeletons
  6 killer bees (D:6)
  8 wights (D:7)
  A bullfrog zombie (D:5)
  2 orc priests
  3 hounds
  A bullfrog skeleton (D:7)
  A centaur skeleton (D:7)
  Crazy Yiuf (D:3)
  An iguana (D:6)
  2 orc wizards
  A hound skeleton (D:5)
  Robin (D:4)
  3 gnolls (D:5)
  7 adders
  2 howler monkey skeletons
  2 shadow imps
  2 white imps
  2 ufetubi (D:6)
  3 worms
  A dart slug (D:1)
  13 orcs
  5 ball pythons
  6 bats
  6 endoplasms
  6 giant cockroaches
  11 hobgoblins
  2 quokkas
  4 frilled lizards
  17 goblins
  17 kobolds
  4 rats
163 creatures vanquished.

Notes
Turn   | Place    | Note
-------+----------+-------------------------------------------
     0 | D:1      | Labrat the Demigod Conjurer began the quest for the Orb.
     0 | D:1      | Reached XP level 1. HP: 14/14 MP: 5/5
   377 | D:1      | Reached XP level 2. HP: 20/20 MP: 1/7
   658 | D:1      | Reached skill level 4 in Conjurations
  1295 | D:1      | Learned a level 2 spell: Searing Ray
  1346 | D:2      | Reached XP level 3. HP: 26/26 MP: 3/9
  2640 | D:3      | Noticed an ice beast
  2726 | D:3      | Noticed a scorpion
  3029 | D:3      | Killed an ice beast
  3030 | D:3      | Reached XP level 4. HP: 17/33 MP: 2/12
  3030 | D:3      | Reached XP level 5. HP: 20/38 MP: 2/13
  3113 | D:3      | Reached skill level 5 in Conjurations
  3633 | D:3      | Reached XP level 6. HP: 45/45 MP: 13/16
  3660 | D:3      | Found a runed translucent door.
  3661 | D:3      | Noticed Crazy Yiuf
  4506 | D:3      | Reached skill level 5 in Spellcasting
  4506 | D:3      | Reached skill level 1 in Fighting
  5073 | D:4      | Noticed Robin
  5211 | D:4      | Killed Robin
  5212 | D:4      | Reached XP level 7. HP: 56/57 MP: 8/17
  5519 | D:5      | Entered Level 5 of the Dungeon
  6044 | D:5      | Found Hualah's Neck Hole.
  6054 | D:5      | Reached skill level 5 in Fighting
  6280 | D:5      | Learned a level 4 spell: Iskenderun's Mystic Blast
  6517 | D:6      | Noticed Blork the orc
  6525 | D:6      | Killed Blork the orc
  6864 | D:6      | Found Soka's Weapon Shoppe.
  7082 | D:6      | Identified the +1 short sword of Amorality {vorpal, rC+}
  7091 | D:6      | Reached XP level 8. HP: 68/68 MP: 14/20
  7179 | D:6      | Reached skill level 6 in Conjurations
  7197 | D:6      | HP: 5/102 [poisoned by a killer bee]
  7202 | D:6      | HP: 3/102 [poisoned by a killer bee]
  7848 | D:3      | Killed Crazy Yiuf
  8015 | D:7      | Reached skill level 7 in Conjurations
  8234 | D:7      | Reached XP level 9. HP: 42/68 MP: 12/23
  8258 | D:7      | Found a staircase to the Ecumenical Temple.
  8469 | D:7      | Found a runed translucent gate.
  8469 | D:7      | Found a runed translucent gate.
  8469 | D:7      | Found a runed translucent gate.
  8474 | D:7      | Noticed lennort's ghost (novice MiFi)
  8482 | D:7      | Reached skill level 8 in Conjurations
  8524 | D:7      | Quit the game

Illustrated notes

Levels and vault maps discovered:
D:1:      heliophobic_arrival_dark_side_of_the_moon, layout_basic,
          shapermc_ecumenical_altar_totnotflames
D:2:      layout_basic
D:3:      cheibrodos_thug_alley, layout_loops_ring, uniq_crazy_yiuf_cottage
D:4:      layout_rooms, mainiacjoe_overflow_paths, minivault_1, uniq_robin
D:5:      layout_rooms, nicolae_shop_sticking_my_neck_out
D:6:      layout_loops_corners, okawaru_altar_gauntlet_db, serial_shops, shop,
          nicolae_figureground_pulse, uniq_blork_the_orc
D:7:      layout_basic, minmay_temple_entry_stoned_glass,
          biasface_ghost_orc_armoury, nicolae_ossuary_entry_monument,
          minmay_fractal_squares_diagonal_5

Skill      XL: |  1  2  3  4  5  6  7  8  9 |
---------------+----------------------------+-----
Spellcasting   | 2 3 4 5 7 |  7.7
Conjurations   | 4 5 7 8 |  8.0
Fighting       | 3 5 |  5.0
Dodging        | |  1.7
Stealth        | |  1.7

Action                   |  1- 3 |  4- 6 |  7- 9 || total
-------------------------+-------+-------+-------++-------
Melee: Short sword       |       |       |    59 ||    59
       Punch             |       |       |     1 ||     1
 Cast: Magic Dart        |   113 |    77 |   104 ||   294
       Searing Ray       |     3 |    11 |    35 ||    49
       Iskenderun's Myst |       |       |    11 ||    11
  Use: Potion            |       |       |     2 ||     2
       Scroll            |       |       |     1 ||     1
Armor: Robe              |     4 |     4 |    24 ||    32
       Skin              |       |       |    13 ||    13
Dodge: Dodged            |     7 |    22 |    90 ||   119
